 Dungeon Crawl Stone Soup version 0.21.0-24-g2553a33 (webtiles) character file.

23 Jatast the Magician (level 2, -1/31 HPs)
             Began as a Demonspawn Wanderer on Jan 20, 2018.
             Slain by an adder (3 damage)
             ... on level 2 of the Dungeon.
             The game lasted 00:02:29 (1074 turns).

Jatast the Magician (Demonspawn Wanderer)           Turns: 1074, Time: 00:02:29

Health: -1/31      AC: 21    Str: 10 (13) XL:     2   Next: 75%
Magic:  8/8        EV:  2    Int:  7 (10) God:
Gold:   22         SH:  0    Dex: 11 (14) Spells: 9/11 levels left

rFire    . . .     SeeInvis +   o - +0 whip
rCold    . . .     Gourm    .   (no shield)
rNeg     + + +     Faith    .   (armour currently unavailable)
rPois    +         Spirit   .   (helmet currently unavailable)
rElec    .         Reflect  .   (cloak currently unavailable)
rCorr    .         Harm     .   (gloves currently unavailable)
MR       .....     NoTele   +   (boots currently unavailable)
Stlth    +.........             (no amulet)
HPRegen  0.10/turn              n - ring of see invisible
MPRegen  0.11/turn              (no ring)

@: lethally poisoned (-1 -> -12), tree-form, hasted, very quick
A: no striking features
a: no special abilities


You were on level 2 of the Dungeon.
You were not hungry.
You were a tree.
You visited 1 branch of the dungeon, and saw 2 of its levels.

You collected 22 gold pieces.

Inventory:

Hand Weapons
 e - a +0 dagger
 o - a +0 whip (weapon)
Armour
 d - a +0 robe
 k - a +0 ring mail (melded)
Jewellery
 n - a ring of see invisible (left branch)
 t - a +3 ring of protection {unknown}
Scrolls
 c - a scroll of teleportation
 g - 2 scrolls of enchant armour {unknown}
 h - a scroll of fog {unknown}
 i - a scroll of magic mapping {unknown}
 l - a scroll of enchant weapon {unknown}
 p - a scroll of immolation {unknown}
 q - a scroll of remove curse {unknown}
 r - a scroll of identify {unknown}
 s - a scroll of amnesia {unknown}
Potions
 m - a potion of haste
Books
 a - a book of Minor Magic

   Spells                             Type                      Level
   a - Magic Dart                     Conjuration                  1
   b - Blink                          Translocation                2
   c - Call Imp                       Summoning                    2
   d - Slow                           Hexes                        2
   e - Conjure Flame                  Conjuration/Fire             3
   f - Mephitic Cloud                 Conjuration/Poison/Air       3
 b - the Guide on Feathers

   Spells                             Type                      Level
   a - Shock                          Conjuration/Air              1
   b - Static Discharge               Conjuration/Air              3
Comestibles
 f - 5 rations
 j - 2 chunks of flesh


   Skills:
 + Level 1.1 Fighting
 + Level 0.4 Maces & Flails
 + Level 1.0 Armour
 + Level 1.0 Dodging
 - Level 1.0 Stealth
   Level 1.0 Shields
 - Level 5.0 Spellcasting
   Level 1.0 Fire Magic
   Level 1.0 Air Magic
   Level 1.0 Earth Magic


You had 9 spell levels left.
You knew the following spells:

 Your Spells              Type           Power        Failure   Level  Hunger
a - Blink                 Tloc           N/A          38%         2    ###....


Dungeon Overview and Level Annotations

Branches:
Dungeon (2/15)

Altars:


Innate Abilities, Weirdness & Mutations

((Your movements are slightly less encumbered by armour. (ER -2)))


Message History

You miss the adder.
The adder is lightly wounded.
You feel sick. The adder bites you.
* * * LOW HITPOINT WARNING * * *
You are more poisoned.
The adder poisons you!
It was a potion of haste.
You feel yourself speed up.
* * * LOW HITPOINT WARNING * * *
You feel sick. The adder bites you.
* * * LOW HITPOINT WARNING * * *
It was a potion of degeneration.
There was something very wrong with that liquid.
You feel weakened.
You feel dopey.
You feel clumsy.
* * * LOW HITPOINT WARNING * * *
You feel sick. The adder bites you.
* * * LOW HITPOINT WARNING * * *
It was a potion of lignification.
You turn into a tree.
Your +0 ring mail melds into your body.
Your roots penetrate the ground.
The adder bites you.
You die...

............#..####<#
##...####...#....####
..# #.#.##.#.#
#.#..#.# # ..##.#.#
#####.#.# #...# ##..#
#♣># #..S#.# #.#..>..
# ........
.#....$....
#+#####.%.## .### .#


You could see an adder.

Vanquished Creatures
  A dart slug (D:1)
  2 ball pythons
  6 bats (D:1)
  3 goblins
  2 hobgoblins
  3 kobolds (D:1)
  2 frilled lizards (D:1)
  4 rats (D:1)
23 creatures vanquished.

Notes
Turn   | Place    | Note
-------+----------+-------------------------------------------
     0 | D:1      | Jatast the Demonspawn Wanderer began the quest for the Orb.
     0 | D:1      | Jatast set off with: a book of Minor Magic, the Guide on Feathers, a scroll of teleportation, a +0 robe, a +0 dagger, a ration
     0 | D:1      | Reached XP level 1. HP: 13/13 MP: 6/6
     0 | D:1      | Identified the Guide on Feathers
   521 | D:1      | Gained mutation: Your movements are slightly less encumbered by armour. (ER -2) [demonic ancestry]
   521 | D:1      | Reached XP level 2. HP: 20/20 MP: 8/8
   727 | D:1      | Reached skill level 1 in Fighting
   756 | D:1      | Reached skill level 1 in Dodging
   967 | D:2      | Noticed a scorpion
  1014 | D:2      | Reached skill level 1 in Armour
  1027 | D:2      | Learned a level 2 spell: Blink
  1073 | D:2      | HP: 1/21 [adder (1)]
  1074 | D:2      | Slain by an adder

Skill      XL: |  1  2 |
---------------+-------+-----
Fighting       | 1 |  1.1
Dodging        | 1 |  1.0
Armour         | 1 |  1.0
Maces & Flails | |  0.4
Stealth        | |  1.0
Shields        | |  1.0
Spellcasting   | |  5.0
Fire Magic     | |  1.0
Air Magic      | |  1.0
Earth Magic    | |  1.0

Action                   || total
-------------------------++-------
Melee: Dagger            ||    27
       Whip              ||    68
  Use: Potion            ||     3
 Stab: Sleeping          ||     1
  Eat: Chunk             ||     1
Armor: Ring mail         ||    47
       Robe              ||     6
Dodge: Dodged            ||    82
